AoeStats
← O grande

Four Lakes

507301560Analyzed
1v1 RM · 13d ago on Sep 17, 2026· 47m 29s· 2 players
Game mode
Random Map
Map size
Tiny (2 player)
Population
200
Speed
Normal
Resources
Standard
Victory
Conquest
Starting age
Dark Age
Ending age
Imperial Age
RankedLock teamsTeams togetherTeam positionsShared explorationLock speedFull tech treeHidden civsTurbo modeCheats
Victory
Defeat
🇩🇪 Huns · Germany
2060
+12
🇧🇷 Huns · Brazil
1980
-12
nC_Future
6:58 Loom
9:17 Feudal Age
10:07 Double-Bit Axe
12:01 Fishing Lines
14:16 Forging
15:54 Scale Barding Armor
16:00 Bloodlines
17:11 Gold Mining
20:21 Castle Age
18:19 Horse Collar
21:31 Chain Barding Armor
21:31 Husbandry
21:45 Bow Saw
22:34 Gold Shaft Mining
21:53 Gillnets
27:14 Imperial Age
25:43 Iron Casting
26:58 Wheelbarrow
27:29 Cavalier
28:45 Plate Barding Armor
29:03 Paladin
31:30 Blast Furnace
36:38 Stone Mining
36:58 Fletching
37:08 Padded Archer Armor
38:21 Chemistry
38:12 Bodkin Arrow
39:05 Leather Archer Armor
39:11 Bracer
40:27 Two-Man Saw
39:32 Heavy Plow
40:28 Parthian Tactics
40:30 Hand Cart
40:54 Ballistics
41:17 Thumb Ring
41:15 Town Watch
41:08 Heavy Cavalry Archer
42:02 Murder Holes
42:17 Masonry
46:16 Light Cavalry
O grande
6:52 Loom
9:31 Feudal Age
10:17 Double-Bit Axe
17:35 Castle Age
15:37 Horse Collar
16:52 Bloodlines
17:04 Scale Barding Armor
17:45 Forging
17:48 Fishing Lines
18:28 Bow Saw
20:33 Gold Mining
21:40 Husbandry
23:20 Iron Casting
26:20 Sanctity
27:45 Iron Casting
27:47 Scale Mail Armor
27:11 Pikeman
27:52 Squires
29:11 Chain Barding Armor
29:34 Chain Mail Armor
30:06 Arson
35:57 Imperial Age
35:30 Wheelbarrow
36:00 Halberdier
36:12 Halberdier
39:41 Two-Man Saw
38:41 Heavy Plow
39:17 Gold Shaft Mining
39:04 Hand Cart
40:08 Blast Furnace
39:43 Plate Barding Armor
40:15 Stone Mining
40:31 Light Cavalry
41:37 Town Watch
42:23 Cavalier
Connection lost

Rejoining the realm…

Still unreachable

The connection could not be restored.

Session expired

The server has moved on; the page needs a fresh start.